 Dungeon Crawl Stone Soup version 0.29.1-12-g30fa7ad0bf (webtiles) character file.

Game seed: 2396749933659706066

2813 kingsuperguy the Spear-Bearer (level 9, -5/112 HPs)
             Began as a Hill Orc Monk on Dec 19, 2022.
             Was a Priest of Beogh.
             Slain by a killer bee (6 damage)
             ... on level 6 of the Dungeon.
             The game lasted 00:10:08 (7218 turns).

kingsuperguy the Spear-Bearer (Hill Orc Monk)       Turns: 7218, Time: 00:10:08

Health: -5/112     AC: 24    Str: 19 (20) XL:     9   Next: 72%
Magic:  9/9        EV:  2    Int:  8 (10) God:    Beogh [***...]
Gold:   457        SH:  8    Dex: 11 (13) Spells: 8/8 levels left

rFire   . . .      SeeInvis .   r - +12 spear of Jyddemeth {drain, Str+2}
rCold   . . .      Faith    .   k - +0 kite shield
rNeg    . . .      Spirit   .   (body armour currently unavailable)
rPois   +          Reflect  .   (helmet currently unavailable)
rElec   .          Harm     .   (cloak currently unavailable)
rCorr   .          Rampage  .   (gloves currently unavailable)
Will    .....      NoTele   +   (boots currently unavailable)
Stlth   ++........              (no amulet)
HPRegen 0.28/turn               (no ring)
MPRegen 0.11/turn               (no ring)

@: lethally poisoned (-5 -> -20), tree-form
A: stationary, stasis, torment immunity, boosted hp
a: Renounce Religion, Smiting


You were on level 6 of the Dungeon.
You worshipped Beogh.
Beogh was most pleased with you.
You were a tree.
You visited 1 branch of the dungeon, and saw 7 of its levels.
You also visited: Sewer.

You collected 457 gold pieces.

Inventory:

Hand Weapons
 a - a +0 hand axe
 r - the +12 spear of Jyddemeth (weapon) {drain, Str+2}
   (You found it on level 3 of the Dungeon)

   A truly terrible weapon, it drains the life of any living foe it strikes.
   Str:       It affects your strength (+2).
 C - a +2 dire flail of protection
Missiles
 y - 2 throwing nets (quivered)
Armour
 b - a +0 robe
 k - a +0 kite shield (worn)
 m - an orb of wrath
 n - a +0 pair of gloves (melded)
 z - a +1 chain mail of willpower (melded)
 K - a +0 plate armour
Jewellery
 c - a ring of willpower
 f - a ring of poison resistance
 H - a ring of protection from fire
Wands
 v - a wand of mindburst (23)
 A - a wand of roots (10)
 E - a wand of charming (12)
 F - a wand of polymorph (2)
Scrolls
 g - 2 scrolls of enchant armour {unknown}
 i - 2 scrolls of fear {unknown}
 j - 2 scrolls of magic mapping {unknown}
 l - 7 scrolls of identify {unknown}
 q - 3 scrolls of poison {unknown}
 t - 3 scrolls of immolation {unknown}
 B - 2 scrolls of vulnerability {unknown}
 D - 2 scrolls of blinking {unknown}
 J - 3 scrolls of teleportation
Potions
 d - 2 potions of mutation {unknown}
 e - a potion of heal wounds {unknown}
 h - a potion of lignification
 o - a potion of resistance {unknown}
 p - a potion of berserk rage {unknown}
 s - a potion of degeneration
 u - 3 potions of curing {unknown}
 w - 3 potions of brilliance {unknown}
 x - a potion of cancellation {unknown}
 G - 2 potions of might {unknown}
 I - 5 potions of flight


   Skills:
 + Level 6.1 Fighting
 + Level 6.1(9.5) Axes
 * Level 9.6(10.1) Polearms
 + Level 4.0 Armour
 + Level 4.1 Dodging
 + Level 4.0 Stealth
 + Level 3.7 Shields


You had 8 spell levels left.
You didn't know any spells.
Your spell library contained the following spells:

 Spells                   Type           Power      Damage    Failure   Level
 Magic Dart               Conj           0%         1d3       78%         1
 Sandblast                Erth           0%         2d4       78%         1
 Call Imp                 Summ           0%         N/A       89%         2
 Passwall                 Tmut/Erth      0%         N/A       89%         2
 Mephitic Cloud           Conj/Pois/Air  0%         N/A       98%         3
 Stone Arrow              Conj/Erth      0%         3d7       98%         3


Dungeon Overview and Level Annotations

Branches:
Dungeon (7/15)             Temple (0/1) D:6           Sewer (visited)

Altars:
Hepliaklqana
Nemelex Xobeh
Zin

Shops:
D:1 [   D:2 =


Message History

You feel sick. You block the killer bee's attack.
The killer bee stings your orc warrior!
Your orc warrior looks as sick as possible!
The killer bee poisons your orc warrior!
The killer bee stings you but does no damage.
You feel very sick.
The killer bee stings you but does no damage.
The killer bee misses your orc warrior. You block the killer bee's attack.
The kobold barely misses you.
The killer bee stings you but does no damage.
The killer bee stings you!
* * * LOW HITPOINT WARNING * * *
You are lethally poisoned!
The killer bee poisons you!
Your orc warrior completely misses the killer bee.
The killer bee stings your orc warrior.
You climb upwards.
* * * LOW HITPOINT WARNING * * *
You feel very sick.
There is a stone staircase leading down here.
It was a potion of degeneration.
There was something very wrong with that liquid.
You feel weakened.
You feel dopey.
You feel clumsy.
* * * LOW HITPOINT WARNING * * *
You feel very sick. You block the killer bee's attack.
The killer bee barely misses you. The kobold hits you but does no damage.
The killer bee stings you.
* * * LOW HITPOINT WARNING * * *
You are more poisoned.
The killer bee poisons you!
The killer bee stings you but does no damage.
It was a potion of lignification.
You turn into a tree.
Your +0 pair of gloves melds into your body.
Your +1 chain mail of willpower melds into your body.
You feel less strong-willed.
Your roots penetrate the ground.
* * * LOW HITPOINT WARNING * * *
You feel very sick.
Your orc warrior dies!
The killer bee stings you.
You die...

#..### ####.#...###....#..#
#....## ##.........####.###.#
#..#..# #..##.#.##.####.###.#
##.o#.# #.###.#..#....#..##.#
##.#.###......#.#...........
#.#..##......#.#)#.#.#....#
#.##.##......#...#.#.#.##..
#.##....<..y..#............
#.#####.#)♣......#.##.#.##.
#.####..#Ky#)##..#....#....
#.#....##..#.###....#...#.#
#.#.####...#.###.##.#.>.#.#
##########.#.#...............
#~.~~~~~÷~.#.####....#.#.#...
##########.#.# ##.#.#.#.#.##
#..# #.#.# #..#......... #..#
#.#.# ##.....#.##.#.


You could see 2 killer bees and a kobold.

Vanquished Creatures
  Pikel (D:5)
  A manticore (D:6)
  Grinder (D:3)
  Sigmund (D:5)
  A steam dragon (D:6)
  Edmund (D:5)
  2 ice beasts
  3 ogres
  A lemure (D:5)
  A kobold brigand (D:7)
  Blork the orc (D:6)
  A scorpion (D:5)
  2 necrophages
  2 killer bees (D:7)
  A hound (D:5)
  An orc priest (D:5)
  Crazy Yiuf (D:2)
  Ijyb (D:5)
  4 iguanas
  A merfolk avatar (Sewer)
  A merfolk siren (Sewer)
  10 adders
  8 gnolls (D:4)
  A river rat (Sewer)
  An ufetubus (D:5)
  3 dart slugs
  3 orcs
  5 endoplasms
  9 giant cockroaches
  5 goblins (D:1)
  4 hobgoblins
  7 jackals
  9 kobolds
  3 quokkas
  10 ball pythons
  5 bats
  4 frilled lizards
  32 rats
148 creatures vanquished.

Vanquished Creatures (collateral kills)
  An orc priest (D:6)
  An orc wizard (D:6)
  A kobold (D:7)
3 creatures vanquished.

Vanquished Creatures (others)
  An orc warrior (D:6)
  2 orcs (D:6)
  A giant cockroach (D:4)
4 creatures vanquished.

Grand Total: 155 creatures vanquished

Notes
Turn   | Place    | Note
-------+----------+-------------------------------------------
     0 | D:1      | kingsuperguy the Hill Orc Monk began the quest for the Orb.
     0 | D:1      | Reached XP level 1. HP: 19/19 MP: 1/1
   465 | D:1      | Reached XP level 2. HP: 27/27 MP: 2/2
   772 | D:1      | Found Habussi's Antique Armour Emporium.
   968 | D:1      | Reached XP level 3. HP: 26/33 MP: 3/3
  1125 | D:1      | Found a faded altar of an unknown god.
  1629 | D:2      | Found a runed translucent door.
  1630 | D:2      | Noticed Crazy Yiuf
  1641 | D:2      | Killed Crazy Yiuf
  1642 | D:2      | Reached skill level 5 in Axes
  1642 | D:2      | Reached XP level 4. HP: 32/40 MP: 4/4
  2095 | D:2      | Found Qasesh's Jewellery Boutique.
  2622 | D:3      | Found a sparkling altar of Nemelex Xobeh.
  2654 | D:3      | Identified the +12 spear of Jyddemeth {drain, Str+2}
  2819 | D:3      | Identified the +9 plate armour of the True Pharaoh {rF-
                  | Str+4 Dex+6}
  2980 | D:3      | Noticed Grinder
  2981 | D:3      | Paralysed by Grinder for 2 turns
  2989 | D:4      | Reached skill level 1 in Shields
  2993 | D:3      | Reached XP level 5. HP: 37/47 MP: 5/5
  3006 | D:3      | Killed Grinder
  3007 | D:3      | Reached skill level 2 in Polearms
  3007 | D:3      | Reached XP level 6. HP: 31/53 MP: 6/6
  3830 | D:4      | Became a worshipper of Beogh the Brigand
  3830 | D:4      | Reached * piety under Beogh
  3830 | D:4      | Reached ** piety under Beogh
  4178 | D:4      | Reached skill level 3 in Polearms
  4178 | D:4      | Reached XP level 7. HP: 49/60 MP: 7/7
  4596 | D:5      | Entered Level 5 of the Dungeon
  4629 | D:5      | Noticed Sigmund
  4633 | D:5      | Killed Sigmund
  4637 | D:5      | Reached skill level 4 in Polearms
  4888 | D:5      | Noticed Pikel
  4922 | D:5      | Killed Pikel
  4923 | D:5      | Reached skill level 5 in Fighting
  4923 | D:5      | Reached skill level 6 in Polearms
  4923 | D:5      | Reached skill level 1 in Armour
  4923 | D:5      | Reached XP level 8. HP: 33/68 MP: 8/8
  4949 | D:5      | Noticed Edmund
  5092 | D:5      | Killed Edmund
  5093 | D:5      | Reached skill level 7 in Polearms
  5295 | D:5      | Noticed Ijyb
  5303 | D:5      | Killed Ijyb
  5571 | D:6      | Found a glowing drain.
  5586 | Sewer    | Entered a sewer
  5664 | Sewer    | Reached *** piety under Beogh
  5675 | Sewer    | Reached XP level 9. HP: 61/74 MP: 9/9
  6065 | D:6      | Reached skill level 8 in Polearms
  6090 | D:6      | Found a staircase to the Ecumenical Temple.
  6250 | D:6      | Found a hazy altar of Hepliaklqana.
  6352 | D:6      | Noticed a manticore
  6367 | D:6      | Killed a manticore
  6368 | D:6      | Reached skill level 9 in Polearms
  6961 | D:6      | Noticed Blork the orc
  6968 | D:6      | Killed Blork the orc
  7028 | D:6      | Found a glowing silver altar of Zin.
  7218 | D:6      | HP: 1/112 [poisoned by a killer bee]
  7218 | D:6      | Slain by a killer bee

Illustrated notes

Levels and vault maps discovered:
D:1:      wander_arrival_lonely_grave, layout_rooms,
          ebering_ecumenical_altar_abandoned, serial_shops, shop
D:2:      layout_basic, serial_shops, shop_coins, minmay_misc_feat_more_columns,
          uniq_crazy_yiuf_cottage
D:3:      layout_basic, overflow_temple_1_default, uniq_grinder
D:4:      layout_loops_cross
D:5:      layout_basic, uniq_pikel, uniq_ijyb, uniq_edmund, uniq_sigmund
D:6:      layout_rooms, zin_academy, mainiacjoe_overflow_paths,
          minmay_temple_entry_ruins, portal_sewer_entry_d, uniq_blork_the_orc
D:7:      layout_rooms, old_standard_altar, marbit_many_paths,
          kennysheep_small_square

Skill      XL: |  1  2  3  4  5  6  7  8  9 |
---------------+----------------------------+-----
Fighting       | 4 5 6 |  6.1
Axes           | 5 6 |  6.1
Stealth        | 2 3 4 |  4.0
Shields        | 1 2 3 |  3.7
Polearms       | 2 3 6 7 9 |  9.6
Dodging        | 3 4 |  4.1
Armour         | 1 2 4 |  4.0

Action                   |  1- 3 |  4- 6 |  7- 9 || total
-------------------------+-------+-------+-------++-------
Melee: Hand axe          |   114 |    63 |       ||   177
       Punch             |     2 |       |       ||     2
       Spear             |       |    52 |   201 ||   253
Invok: Convert to Beogh  |       |     1 |       ||     1
  Use: Potion            |       |       |     3 ||     3
 Stab: Sleeping          |     7 |     8 |       ||    15
Armor: Robe              |    21 |    19 |       ||    40
       Chain mail        |       |       |    62 ||    62
Dodge: Dodged            |    83 |    36 |    50 ||   169
Block: Kite shield       |    11 |    46 |    65 ||   122
